 Dungeon Crawl Stone Soup version 0.19.3-1-g3169bf9 (webtiles) character file.

167336 Jerry the Fighter (level 17, -1/147 HPs)
             Began as a Vine Stalker Berserker on Jan 23, 2017.
             Was a High Priest of Trog.
             Succumbed to a sea snake's poison
             ... on level 4 of the Shoals on Jan 24, 2017.
             The game lasted 02:42:34 (26633 turns).

Jerry the Fighter (Vine Stalker Berserker)         Turns: 26633, Time: 02:42:35

Health: -1/147     AC: 22    Str: 26    XL:     17   Next: 92%
Magic:  17/27      EV: 21    Int: 10    God:    Trog [*****.]
Gold:   2058       SH:  0    Dex: 23    Spells: 0 memorised, 16 levels left

rFire  + . .     SeeInvis +     g - +7 great sword of Gaonoli {vamp, Fragile rPois rF++ SInv}
rCold  + + .     Gourm    +     L - +0 ice dragon scales
rNeg   . . .     Faith    .     (shield currently unavailable)
rPois  +         Spirit   +     J - +0 hat {MR+}
rElec  .         Reflect  .     j - +2 cloak
rCorr  .         Harm     .     W - +2 pair of gloves
MR     +++++                    t - +0 pair of boots
Stlth  ..........               e - amulet of the gourmand
                                i - ring of Sovereignty {Int+3 Dex+3}
                                E - ring of magical power

@: berserking, lethally poisoned (-1 -> -22), regenerating, drained, very quick
A: fangs 3, regeneration 2, magic shield, antimagic bite, no device heal 3, rot
immunity
a: Berserk, Trog's Hand, Brothers in Arms, Burn Spellbooks, Renounce Religion


You were on level 4 of the Shoals.
You worshipped Trog.
Trog was extremely pleased with you.
You were very full.

You visited 7 branches of the dungeon, and saw 31 of its levels.
You visited the Abyss 1 time.
You visited 1 bazaar.
You also visited: Sewer.

You collected 3199 gold pieces.
You spent 1141 gold pieces at shops.

Inventory:

Hand Weapons
 g - the +7 great sword of Gaonoli (weapon) {vamp, Fragile rPois rF++ SInv}
   (Trog gifted it to you on level 9 of the Dungeon)

   It inflicts no extra harm, but heals its wielder when it wounds a living foe.
   It greatly protects you from fire.
   It protects you from poison.
   It lets you see invisible.
   It will be destroyed if unequipped.
 o - a +5 antimagic triple sword
Missiles
 n - 3 exploding tomahawks (quivered)
Armour
 j - a +2 cloak (worn)
 t - a +0 pair of boots (worn)
 J - a +0 hat of magic resistance (worn)
 L - +0 ice dragon scales (worn)
 W - a +2 pair of gloves (worn)
Jewellery
 e - an amulet of the gourmand (around neck)
 i - the ring of Sovereignty (right hand) {Int+3 Dex+3}
   (You acquired it on level 5 of the Lair of Beasts)

   [ring of dexterity]

   It affects your intelligence (+3).
   It affects your dexterity (+3).
 E - a ring of magical power (left hand)
Wands
 R - a wand of digging (13/24)
 Y - a wand of teleportation (4/9)
Scrolls
 d - 10 scrolls of teleportation
 l - 4 scrolls of magic mapping
 p - 13 scrolls of remove curse
 s - 3 scrolls of identify
 u - 3 scrolls of immolation
 v - 4 scrolls of recharging
 x - a scroll of fear
 y - 3 scrolls of fog
 H - 4 scrolls of enchant weapon
 I - a scroll of blinking
 N - a scroll of summoning
 T - 6 scrolls of enchant armour
Potions
 a - 4 potions of resistance
 b - 8 potions of curing
 k - a potion of might
 m - 5 potions of flight
 q - 2 potions of invisibility
 r - a potion of magic
 w - a potion of brilliance
 z - 6 potions of agility
 D - 2 potions of mutation
 P - 2 potions of cancellation
 V - 2 potions of haste
Books
 K - a book of Flames

   Spells                             Type                      Level
   a - Flame Tongue                   Conjuration/Fire             1
   b - Throw Flame                    Conjuration/Fire             2
   c - Conjure Flame                  Conjuration/Fire             3
   d - Inner Flame                    Hexes/Fire                   3
   e - Sticky Flame                   Conjuration/Fire             4
   f - Fireball                       Conjuration/Fire             5
   Trog disapproves of the use of such an item.
Comestibles
 c - 13 bread rations
 f - 9 meat rations
 h - 31 fruits
 A - 13 beef jerkies
 B - 2 chunks of flesh
 G - a slice of pizza
 M - 3 royal jellies


   Skills:
 + Level 14.6(13.7) Fighting
 + Level 14.6(13.7) Long Blades
 + Level 13.6(12.7) Armour
 + Level 13.4(12.5) Dodging


You had 16 spell levels left.
You didn't know any spells.

Dungeon Overview and Level Annotations

Branches:
Dungeon (15/15)            Temple (0/1) D:7            Lair (6/6) D:8
 Shoals (4/4) Lair:4        Snake (2/4) Lair:2        Slime (0/5) Lair:6
    Orc (2/2) D:10            Elf (1/3) Orc:2        Vaults (0/5) D:13
 Depths (1/5) D:15

Altars:
Fedhas
Makhleb
Qazlal
Xom
Beogh
Jiyva

Shops:
D:5 *   D:9 (   D:12 [*%   Orc:1 :   Orc:2 [(!!(?(::   Elf:1 }?

Portals:
Hell: Lair:6

Annotations:
D:13 exclusions: oklob plant and oklob sapling
Lair:6 1 runed door
Shoals:4 Ilsuiw
Snake:2 Kloppie's ghost, adept DrBe


Innate Abilities, Weirdness & Mutations

You have razor-sharp teeth.
You heal very quickly.
When hurt, damage is shared between your health and your magic reserves.
Your bite disrupts and absorbs the magic of your enemies.
Potions and wands cannot restore your health.
You are immune to rotting.


Message History

Your deep troll bites Ilsuiw!!
Your deep troll barely misses Ilsuiw. x2
The merfolk impaler misses you. The sea snake bites you.
* * * LOW HITPOINT WARNING * * *
The merfolk javelineer throws a silver javelin.
The silver javelin hits you but does no damage.
You barely miss Ilsuiw. Your bite misses Ilsuiw.
Ilsuiw is almost dead.
* * * LOW HITPOINT WARNING * * *
You feel very sick.
The merfolk javelineer hits you but does no damage.
Your deep troll closely misses Ilsuiw.
Your deep troll barely misses Ilsuiw.
Your deep troll completely misses Ilsuiw.
The merfolk impaler hits you from afar with a trident.
* * * LOW HITPOINT WARNING * * *
Ilsuiw hits you with a trident of freezing.
* * * LOW HITPOINT WARNING * * *
The sea snake bites you but does no damage.
You closely miss Ilsuiw. You bite Ilsuiw, but do no damage.
Ilsuiw is almost dead.
You die...

##≈≈≈##≈.#..≈≈≈#≈≈≈≈≈≈≈≈#
≈#####≈≈.#≈≈≈≈≈#≈≈≈≈≈≈≈##≈.
.≈≈≈≈≈≈≈≈##≈≈≈##≈≈≈≈≈≈## ≈ ≈
.≈≈≈≈≈≈≈≈≈##'##≈≈≈≈≈≈≈# ≈#≈#
..≈≈≈≈≈≈≈≈≈≈≈≈≈≈≈≈≈≈≈≈#≈≈≈≈m
...≈≈≈≈≈≈≈≈≈≈≈≈/≈≈≈≈≈≈#≈#≈§≈
...≈≈≈≈≈≈≈≈≈..≈≈E≈m≈≈≈≈≈≈≈≈
..≈≈≈≈≈≈≈.....S≈m≈≈≈=.#..#
..≈≈≈≈≈≈≈......@mm≈≈...#..
≈≈≈≈≈≈≈≈.......T)≈≈≈.....#
≈≈≈≈≈≈≈........EE≈≈.......
≈≈≈≈≈≈≈........≈≈≈)......
≈≈≈≈≈≈........≈≈≈≈......
≈≈≈≈≈≈.......≈≈≈≈.....#
≈≈(..####.≈≈≈≈....## ≈≈≈≈.
#)≈≈≈.....# ≈. ..........#


You could see Ilsuiw, a merfolk impaler, 2 merfolk javelineers, a sea snake, 3
water elementals and a friendly deep troll (berserk).

Vanquished Creatures
  Rupert (Lair:3)
  Gastronok (D:10)
  Polyphemus (Shoals:4)
  Donald (Shoals:2)
  Aizul (Shoals:1)
  Louise (Snake:1)
  A deep elf demonologist (Elf:1)
  A dire elephant (Lair:6)
  A deep elf annihilator (Elf:1)
  An ettin (D:15)
  3 merfolk impalers
  Josephine (D:11)
  Fannar (Lair:3)
  A great orb of eyes (D:15)
  An anaconda (Snake:1)
  11 hydras
  An ice dragon (Lair:6)
  The ghost of veneficus the Cleaver, a novice MiBe of Trog (D:9)
  Erica (D:10)
  2 catoblepae
  2 centaur warriors
  11 death yaks
  An alligator (Lair:4)
  A dancing weapon (Orc:2)
  A sun demon (Lair:6)
  A hell knight (D:10)
  3 orc high priests (Orc:2)
  Urug (Lair:3)
  4 deep elf knights
  6 sea snakes
  A salamander mystic (Snake:1)
  2 swamp dragons (Lair:4)
  An unseen horror (D:13)
  A naga ritualist (Snake:1)
  8 hill giants
  A wizard (Lair:6)
  A necromancer (D:15)
  7 orc knights
  2 wolf spider zombies
  A harpy (shapeshifter) (D:15)
  An oklob plant (Lair:1)
  7 harpies (Shoals:1)
  A mana viper (Snake:1)
  5 orc sorcerers
  A salamander (Snake:1)
  23 deep elf magi
  13 ugly things
  4 cyclopes
  A salamander (shapeshifter) (D:14)
  7 manticores
  6 fauns
  Maurice (D:8)
  15 black mambas
  6 sirens
  Joseph (D:7)
  A smoke demon (Lair:6)
  A water nymph (Shoals:1)
  18 elephants
  3 naga magi (Snake:1)
  19 spiny frogs
  2 orange demons (Lair:6)
  2 gargoyles
  A freezing wraith (D:14)
  4 kobold demonologists
  5 komodo dragons
  A yaktaur (D:15)
  2 rime drakes
  3 ice devils (Lair:6)
  4 red devils (Lair:6)
  A hellwing (Lair:6)
  A polar bear (Lair:6)
  10 trolls
  2 wind drakes
  3 hornets
  13 merfolk
  3 meliai (D:15)
  A two-headed ogre (D:13)
  17 blink frogs
  5 slime creatures (D:15)
  12 snapping turtles
  A two-headed ogre (shapeshifter) (D:13)
  2 slime creatures (shapeshifter)
  19 hippogriffs
  An air elemental (Orc:2)
  2 vampires (D:15)
  A shadow (D:12)
  Sigmund (D:5)
  4 water elementals
  3 wraiths
  5 wyverns
  Eustachio (D:5)
  39 yaks
  A fire elemental (Elf:1)
  3 hungry ghosts
  6 basilisks
  Menkaure (D:4)
  A vampire mosquito (Lair:4)
  5 wargs
  A soldier ant (D:15)
  7 nagas
  4 swamp worms (Lair:4)
  10 water moccasins
  The ghost of fatfloppyjuicyveiny the Vandal, an amateur SpHu (D:3)
  5 porcupines
  7 ice beasts
  2 eyes of draining
  30 orc warriors
  7 phantoms
  5 sky beasts
  15 ogres
  5 black bears
  2 necrophages
  18 wolves
  10 centaurs
  12 crocodiles
  8 big kobolds
  23 bullfrogs
  4 gnoll sergeants (D:10)
  An earth elemental (Elf:1)
  A glowing shapeshifter simulacrum (Depths:1)
  A wyvern skeleton (D:12)
  2 scorpions (D:8)
  A water moccasin skeleton (D:11)
  15 killer bees
  An electric eel (D:7)
  18 wights
  5 howler monkeys
  2 bullfrog zombies
  2 centaur zombies
  9 crimson imps
  8 hounds
  3 quasits
  7 jellies
  28 orc priests
  4 centaur skeletons
  28 orc wizards
  6 iguanas
  7 worker ants
  A hound skeleton (D:5)
  2 gnolls (D:10)
  18 adders
  2 shadow imps
  3 white imps (Lair:6)
  6 worms
  2 dart slugs
  6 leopard geckos
  120 orcs
  9 giant cockroaches
  8 goblins
  13 hobgoblins
  13 jackals
  7 quokkas
  7 ball pythons
  6 bats
  7 frilled lizards
  A jackal skeleton (D:5)
  26 kobolds
  A quokka skeleton (D:6)
  2 quokka zombies
  10 rats
  A fungus (D:8)
  4 plants (D:13)
1011 creatures vanquished.

Vanquished Creatures (collateral kills)
  Mara (Shoals:4)
  The ghost of ImaNewbie the Tortoise, a journeyman GrGl of Okawaru (Shoals:2)
  A great orb of eyes (D:14)
  A merfolk impaler (Shoals:4)
  2 hydras
  2 deep elf archers (Elf:1)
  2 deep elf magi (Elf:1)
  A cyclops (Shoals:3)
  A komodo dragon (D:14)
  3 merfolk (Shoals:1)
  A troll (D:14)
  A hippogriff (D:14)
  2 snapping turtles
  A hungry ghost (D:14)
  An ice beast (D:14)
  An eye of draining (D:14)
  An earth elemental (Elf:1)
  A howler monkey (D:14)
  A worker ant (D:14)
25 creatures vanquished.

Vanquished Creatures (others)
  An adder (D:7)
  8 fungi
  6 plants (Lair:6)
15 creatures vanquished.

Grand Total: 1051 creatures vanquished

Notes
Turn   | Place    | Note
-------+----------+-------------------------------------------
     0 | D:1      | Jerry the Vine Stalker Berserker began the quest for the Orb.
     0 | D:1      | Reached XP level 1. HP: 11/11 MP: 2/2
    36 | D:1      | Reached XP level 2. HP: 3/16 MP: 0/3
   762 | D:1      | Reached XP level 3. HP: 20/20 MP: 4/4
  1024 | D:2      | Reached ** piety under Trog
  1143 | D:2      | Found a burning altar of Makhleb.
  1457 | D:2      | Gained mutation: Your natural rate of healing is unusually fast. [Vine Stalker growth]
  1457 | D:2      | Reached XP level 4. HP: 24/24 MP: 3/5
  1810 | D:3      | Reached XP level 5. HP: 17/28 MP: 3/6
  1838 | D:3      | Noticed fatfloppyjuicyveiny's ghost (amateur SpHu)
  1947 | D:3      | Reached *** piety under Trog
  2099 | D:3      | Killed fatfloppyjuicyveiny's ghost
  2099 | D:3      | Reached XP level 6. HP: 33/33 MP: 7/7
  2167 | D:3      | Found a blossoming altar of Fedhas.
  2812 | D:4      | Reached XP level 7. HP: 37/37 MP: 8/8
  2965 | D:4      | Found a glowing drain.
  2969 | Sewer    | Entered a sewer
  3237 | D:4      | Reached **** piety under Trog
  3251 | D:4      | Noticed Menkaure
  3267 | D:4      | Killed Menkaure
  3644 | D:5      | Entered Level 5 of the Dungeon
  3700 | D:5      | Gained mutation: You have razor-sharp teeth. [Vine Stalker growth]
  3700 | D:5      | Reached XP level 8. HP: 22/42 MP: 4/9
  3705 | D:5      | Reached skill level 5 in Fighting
  3809 | D:5      | Found Milyhi Dohi's General Store.
  3814 | D:5      | Bought a potion of curing for 33 gold pieces
  3865 | D:5      | Noticed Eustachio
  3886 | D:5      | Killed Eustachio
  3886 | D:5      | Reached skill level 5 in Long Blades
  3915 | D:5      | Noticed Sigmund
  3935 | D:5      | Killed Sigmund
  4083 | D:5      | Got a crystal mace
  4445 | D:5      | Reached XP level 9. HP: 46/48 MP: 10/10
  4523 | D:5      | Reached skill level 5 in Armour
  4775 | D:6      | Reached skill level 5 in Dodging
  5509 | D:6      | Reached ***** piety under Trog
  5553 | D:7      | Noticed Joseph
  5672 | D:7      | Received a gift from Trog
  5732 | D:7      | Reached XP level 10. HP: 55/55 MP: 11/11
  5824 | D:7      | Found a staircase to the Ecumenical Temple.
  5961 | D:7      | Killed Joseph
  6279 | D:7      | Found a stormy altar of Qazlal.
  6376 | D:8      | Noticed Maurice
  6398 | D:8      | Killed Maurice
  6981 | D:8      | Found a staircase to the Lair.
  7204 | D:9      | Reached XP level 11. HP: 60/60 MP: 12/12
  7238 | D:9      | Received a gift from Trog
  7273 | D:9      | Noticed veneficus's ghost (novice MiBe)
  7286 | D:9      | Killed veneficus's ghost
  7331 | D:9      | Got a smoking great sword {god gift}
  7332 | D:9      | Identified the +7 great sword of Gaonoli {vamp, Fragile rPois rF++ SInv} (Trog gifted it to you on level 9 of the Dungeon)
  7377 | D:9      | Found a shimmering altar of Xom.
  7535 | D:9      | Found Qawami's Weapon Emporium.
  7684 | D:10     | Entered Level 10 of the Dungeon
  7692 | D:10     | Noticed a hill giant
  7706 | D:10     | Killed a hill giant
  7812 | D:10     | Noticed Erica
  7819 | D:10     | Killed Erica
  7832 | D:10     | Got a faintly glowing long sword
  8061 | D:10     | Noticed Gastronok
  8074 | D:10     | Killed Gastronok
  8438 | D:10     | Found a staircase to the Orcish Mines.
  8510 | D:10     | Gained mutation: You heal very quickly. [Vine Stalker growth]
  8510 | D:10     | Reached XP level 12. HP: 65/66 MP: 13/13
  8528 | D:10     | Found a runed door.
  8805 | D:10     | Noticed a deep elf knight
  8809 | D:10     | Killed a deep elf knight
  8880 | D:10     | Noticed a hell knight
  8891 | D:10     | HP: 3/67 [hell knight/battleaxe of flaming (1)]
  9059 | D:10     | Killed a hell knight
  9094 | D:10     | Identified the +6 long sword "Idiy" {freeze, +Blink} (You found it on level 10 of the Dungeon)
  9153 | D:10     | Cast into level 1 of the Abyss (gnoll sergeant)
  9184 | D:10     | Escaped the Abyss
  9425 | D:11     | Noticed Josephine
  9431 | D:11     | Received a gift from Trog
  9441 | D:11     | Killed Josephine
  9517 | D:11     | Reached skill level 10 in Fighting
  9521 | D:11     | Reached skill level 10 in Long Blades
 10066 | D:12     | Noticed a five-headed hydra
 10072 | D:12     | Reached XP level 13. HP: 72/72 MP: 14/14
 10085 | D:12     | You fall through a shaft for 2 floors!
 10554 | D:14     | Noticed a great orb of eyes
 10561 | D:14     | Killed a great orb of eyes
 10779 | D:14     | Reached skill level 10 in Armour
 11047 | D:14     | Reached skill level 10 in Dodging
 11062 | D:13     | Found a gate to the Vaults.
 11099 | D:12     | Found Nounesk's General Store.
 11107 | D:12     | Bought a scroll of identify for 22 gold pieces
 11107 | D:12     | Bought a scroll of enchant armour for 82 gold pieces
 11183 | D:12     | Found Odaxanorih's Antique Armour Shoppe.
 11192 | D:12     | Bought a pair of embroidered gloves for 346 gold pieces
 11415 | D:12     | Found Gauc's Food Boutique.
 11734 | D:13     | Reached ****** piety under Trog
 11740 | D:13     | Reached XP level 14. HP: 79/79 MP: 12/15
 12289 | D:15     | Entered Level 15 of the Dungeon
 12445 | D:15     | Received a gift from Trog
 12488 | D:15     | Found a staircase to the Depths.
 13184 | Lair:1   | Entered Level 1 of the Lair of Beasts
 13869 | Lair:2   | Found a staircase to the Snake Pit.
 14681 | Lair:3   | Noticed Fannar
 14696 | Lair:3   | Killed Fannar
 14696 | Lair:3   | Received a gift from Trog
 14725 | Lair:3   | Got a heavy robe
 14726 | Lair:3   | Identified the +1 robe "Owoymyb" {Str-4 Slay+5} (You found it on level 3 of the Lair of Beasts)
 14812 | Lair:3   | Noticed Rupert
 14822 | Lair:3   | Killed Rupert
 14865 | Lair:3   | Noticed Urug
 14872 | Lair:3   | Killed Urug
 14872 | Lair:3   | Reached XP level 15. HP: 84/84 MP: 16/16
 16008 | Lair:4   | Found a staircase to the Shoals.
 16991 | Lair:5   | Identified the Reference Book on Unstable Clay
 17319 | Lair:5   | Identified a scroll of acquirement
 17320 | Lair:5   | Got a warped jade ring
 17322 | Lair:5   | Identified the ring of Sovereignty {Int+3 Dex+3} (You acquired it on level 5 of the Lair of Beasts)
 17350 | Lair:6   | Entered Level 6 of the Lair of Beasts
 17390 | Lair:6   | Found a runed door.
 17390 | Lair:6   | Found a viscous altar of Jiyva.
 17415 | Lair:6   | Noticed an acid blob
 17423 | Lair:6   | Found a staircase to the Slime Pits.
 17552 | Lair:6   | Received a gift from Trog
 17754 | Lair:6   | Found a burning altar of Makhleb.
 17824 | Lair:6   | Reached XP level 16. HP: 91/91 MP: 17/17
 18353 | Lair:6   | Got a pitted scale mail
 18366 | Lair:6   | Noticed an acid blob
 18472 | Lair:6   | Found a gateway to Hell.
 18502 | Lair:6   | Received a gift from Trog
 18885 | Lair:2   | Identified the +0 scale mail of Impermeability {rN+ Dex+3} (You found it on level 6 of the Lair of Beasts)
 19068 | Orc:1    | Entered Level 1 of the Orcish Mines
 19161 | Orc:2    | Entered Level 2 of the Orcish Mines
 19363 | Orc:1    | Found Wetet's Book Shop.
 19391 | Orc:1    | Found a roughly hewn altar of Beogh.
 19568 | Orc:1    | Found a roughly hewn altar of Beogh.
 19795 | Orc:2    | Found a staircase to the Elven Halls.
 19864 | Orc:2    | Found a roughly hewn altar of Beogh.
 19946 | Orc:2    | Found Vaqu's Book Shop.
 19950 | Orc:2    | Found Puhuor's Magic Scroll Shop.
 19959 | Orc:2    | Bought a scroll of identify for 22 gold pieces
 19959 | Orc:2    | Bought a scroll of identify for 22 gold pieces
 20032 | Orc:2    | Found Pirogriuc's Distillery.
 20091 | Orc:2    | Found Wogeghec's Antique Weapon Shoppe.
 20201 | Orc:2    | Found Plog's Antique Armour Emporium.
 20268 | Orc:2    | Found Siffyo's Book Shoppe.
 20276 | Orc:2    | Received a gift from Trog
 20588 | Orc:2    | Found Nodghimy's Weapon Boutique.
 20594 | Orc:2    | Found Jiesu's Antique Weapon Boutique.
 20596 | Orc:2    | Found Diuqacy's Distillery.
 20671 | Elf:1    | Entered Level 1 of the Elven Halls
 20783 | Elf:1    | Found Vughejan's Gadget Boutique.
 20816 | Elf:1    | Found Yddua's Magic Scroll Shoppe.
 20861 | Elf:1    | Received a gift from Trog
 20881 | Elf:1    | Found a flickering gateway to a bazaar.
 20890 | Bazaar   | Entered a bazaar
 20893 | Bazaar   | Found Vorogusk's Assorted Antiques.
 20901 | Bazaar   | Bought a scroll labeled KION LIESA for 30 gold pieces
 20902 | Bazaar   | Found Qayjaez's Magic Scroll Boutique.
 20937 | Bazaar   | Found Iritut's Antique Weapon Emporium.
 20942 | Bazaar   | Found Isazom's Distillery.
 20950 | Bazaar   | Bought a potion of mutation for 42 gold pieces
 20980 | Bazaar   | Bought a square emerald amulet for 150 gold pieces
 20989 | Bazaar   | Bought a scroll of enchant weapon for 120 gold pieces
 20989 | Bazaar   | Bought a scroll of enchant armour for 120 gold pieces
 20989 | Bazaar   | Bought a scroll of enchant weapon for 120 gold pieces
 21023 | Bazaar   | Bought a scroll of identify for 32 gold pieces
 21352 | Elf:1    | Identified Webruiph's Handbook of Conjuration
 21481 | Elf:1    | Noticed an Ice Fiend
 21550 | Elf:1    | Identified the Tome of Companions
 21881 | Lair:2   | Gained mutation: You are weak. (Str -2) [potion of mutation]
 21881 | Lair:2   | Gained mutation: Scrolls take you a little longer to read. [potion of mutation]
 21881 | Lair:2   | Gained mutation: You can translocate small distances at will. [potion of mutation]
 21882 | Lair:2   | Gained mutation: Your mind is acute. (Int +2) [potion of mutation]
 21882 | Lair:2   | Gained mutation: You are resistant to hostile enchantments. (MR+) [potion of mutation]
 21883 | Lair:2   | Gained mutation: Your body sometimes deteriorates upon taking damage. [potion of mutation]
 21883 | Lair:2   | Gained mutation: You are clumsy. (Dex -2) [potion of mutation]
 21883 | Lair:2   | Gained mutation: You are covered in fur. (AC +1) [potion of mutation]
 21884 | Lair:2   | Gained mutation: You are very weak. (Str -4) [potion of mutation]
 21884 | Lair:2   | Gained mutation: You are partially covered in icy blue scales. (AC +2) [potion of mutation]
 21885 | Lair:2   | Lost mutation: Scrolls take you a little longer to read. [potion of mutation]
 21886 | Lair:2   | Lost mutation: You are resistant to hostile enchantments. (MR+) [potion of cure mutation]
 21886 | Lair:2   | Lost mutation: You are very weak. (Str -4) [potion of cure mutation]
 21886 | Lair:2   | Lost mutation: You are weak. (Str -2) [potion of cure mutation]
 21886 | Lair:2   | Lost mutation: You are clumsy. (Dex -2) [potion of cure mutation]
 21886 | Lair:2   | Lost mutation: You are covered in fur. (AC +1) [potion of cure mutation]
 21887 | Lair:2   | Lost mutation: Your body sometimes deteriorates upon taking damage. [potion of cure mutation]
 21887 | Lair:2   | Lost mutation: You can translocate small distances at will. [potion of cure mutation]
 21887 | Lair:2   | Lost mutation: Your mind is acute. (Int +2) [potion of cure mutation]
 21887 | Lair:2   | Lost mutation: You are partially covered in icy blue scales. (AC +2) [potion of cure mutation]
 21953 | Shoals:1 | Entered Level 1 of the Shoals
 21957 | Shoals:1 | Noticed Aizul
 21971 | Shoals:1 | Killed Aizul
 22040 | Shoals:1 | Reached XP level 17. HP: 96/96 MP: 18/18
 22621 | Shoals:2 | Noticed Donald
 22632 | Shoals:2 | Killed Donald
 22646 | Shoals:2 | Noticed ImaNewbie's ghost (journeyman GrGl)
 22700 | Shoals:2 | HP: 4/97 [snapping turtle (14)]
 22700 | Shoals:2 | HP: 1/97 [ImaNewbie's ghost (1)]
 23124 | Shoals:2 | Killed ImaNewbie's ghost
 24291 | Shoals:4 | Entered Level 4 of the Shoals
 24291 | Shoals:4 | Noticed Mara
 24442 | Snake:1  | Entered Level 1 of the Snake Pit
 24737 | Snake:1  | Received a gift from Trog
 24985 | Snake:1  | Noticed Louise
 25001 | Snake:1  | Killed Louise
 25104 | Snake:1  | Got a twisted chain mail
 25154 | Snake:1  | Identified the +1 chain mail of the Dungeon {rF+ Int+4} (You found it on level 1 of the Snake Pit)
 25183 | Snake:2  | Noticed Kloppie's ghost (adept DrBe)
 25631 | Depths:1 | Entered Level 1 of the Depths
 26104 | Shoals:4 | Noticed Jerry's illusion
 26105 | Shoals:4 | Killed Mara
 26227 | Shoals:4 | Noticed Polyphemus
 26541 | Shoals:4 | Killed Polyphemus
 26616 | Shoals:4 | Noticed Ilsuiw
 26629 | Shoals:4 | HP: 5/147 [merfolk impaler/trident (14)]
 26632 | Shoals:4 | HP: 2/147 [Ilsuiw/trident of freezing (1)]
 26633 | Shoals:4 | Succumbed to a sea snake's poison

Skill      XL: |  1  2  3  4  5  6  7  8  9 10 11 12 13 14 15 16 17 |
---------------+----------------------------------------------------+-----
Dodging        | 2 3 4 5 6 7 9 10 11 12 13 | 13.4
Armour         | 2 3 4 5 7 8 9 10 11 12 13 | 13.6
Fighting       | 3 4 5 7 8 9 10 11 12 13 14 | 14.6
Long Blades    | 3 4 5 6 8 9 10 11 12 13 14 | 14.6

Action                   |  1- 3 |  4- 6 |  7- 9 | 10-12 | 13-15 | 16-18 || total
-------------------------+-------+-------+-------+-------+-------+-------++-------
Melee: Falchion          |    91 |   143 |       |       |       |       ||   234
       Bite              |    29 |    65 |   100 |   236 |   497 |   608 ||  1535
       Long sword        |       |       |   249 |   236 |       |       ||   485
       Great sword       |       |       |       |   309 |   903 |  1013 ||  2225
Invok: Berserk           |     3 |     3 |     7 |    18 |    19 |    14 ||    64
       Trog's Hand       |       |       |     2 |     2 |     1 |     8 ||    13
       Brothers in Arms  |       |       |       |       |     2 |     8 ||    10
  Use: Scroll            |       |       |    12 |    11 |    13 |    10 ||    46
       Potion            |       |       |       |       |       |    11 ||    11
 Stab: Distracted        |       |       |       |       |     1 |     2 ||     3
  Eat: Chunk             |     9 |    13 |    16 |    44 |    44 |    50 ||   176
Armor: Animal skin       |     3 |       |       |       |       |       ||     3
       Scale mail        |    21 |    44 |    86 |   119 |       |       ||   270
       Chain mail        |       |       |       |    81 |       |       ||    81
       Ice dragon scales |       |       |       |    66 |   520 |   539 ||  1125
Dodge: Dodged            |    48 |    82 |   147 |   408 |   933 |  1002 ||  2620
       Rpst.: Falchion   |    19 |    23 |       |       |       |       ||    42
       Long sword        |       |       |    32 |    47 |       |       ||    79
       Great sword       |       |       |       |    68 |   209 |   235 ||   512
